 Dungeon Crawl Stone Soup version 0.28.0 (webtiles) character file.

Game seed: 14030687491311305226

79 laceratedsky the Chopper (level 4, 0/41 HPs)
             Began as a Minotaur Berserker on Feb 6, 2022.
             Was a Believer of Trog.
             Slain by a hobgoblin (2 damage)
             ... led by Robin
             ... on level 2 of the Dungeon.
             The game lasted 00:03:46 (1926 turns).

laceratedsky the Chopper (Minotaur Berserker)       Turns: 1926, Time: 00:03:46

Health: 0/41       AC:  9    Str: 24    XL:     4   Next: 16%
Magic:  3/3        EV:  8    Int:  4    God:    Trog [**....]
Gold:   26         SH:  0    Dex:  9    Spells: 3/3 levels left

rFire   . . .      SeeInvis .   a - +0 hand axe
rCold   . . .      Faith    .   (no shield)
rNeg    . . .      Spirit   .   k - +0 chain mail
rPois   .          Reflect  .   (helmet restricted)
rElec   .          Harm     .   (no cloak)
rCorr   .          Rampage  .   (no gloves)
Will    .....                   (no boots)
Stlth   ..........              g - amulet of regeneration
HPRegen 0.93/turn               (no ring)
MPRegen 0.08/turn               (no ring)

@: no status effects
A: horns 2, retaliatory headbutt
a: Renounce Religion, Berserk, Trog's Hand


You were on level 2 of the Dungeon.
You worshipped Trog.
Trog was pleased with you.
You visited 1 branch of the dungeon, and saw 2 of its levels.

You collected 26 gold pieces.

Inventory:

Hand Weapons
 a - a +0 hand axe (weapon)
Armour
 k - a +0 chain mail (worn)
Jewellery
 g - an amulet of regeneration (around neck)
Scrolls
 e - 3 scrolls of teleportation {unknown}
 f - a scroll of identify {unknown}
 i - a scroll of magic mapping {unknown}
Potions
 c - a potion of attraction {unknown}
 d - a potion of haste {unknown}
 j - a potion of lignification {unknown}


   Skills:
 + Level 4.5 Fighting
 + Level 4.6 Axes
 + Level 3.0 Armour
 + Level 2.7 Dodging
 + Level 0.3 Stealth


You had 3 spell levels left.
You didn't know any spells.
Your spell library was empty.

Dungeon Overview and Level Annotations

Branches:
Dungeon (2/15)

Altars:

Shops:
D:1 :

Annotations:
D:2 Robin, Terence


Innate Abilities, Weirdness & Mutations

You have a pair of horns on your head.
You reflexively headbutt those who attack you in melee.


Message History

The goblin hits you but does no damage. Terence hits you with a +0 mace.
The hobgoblin barely misses you. The goblin barely misses you.
You hit Terence but do no damage. You headbutt Terence, but do no damage.
Terence is lightly wounded.
You barely miss the goblin. You hit the goblin. You hit the hobgoblin.
You kill the hobgoblin!
Trog accepts your kill.
Robin roars a battlecry!
The goblins go into a battle-frenzy!
The goblin hits you with a +0 club. Terence hits you but does no damage.
The goblin hits you with a +0 club.
You hit Terence. You headbutt Terence, but do no damage.
Terence is moderately wounded.
You hit the goblin.
You kill the goblin!
Trog accepts your kill.
You barely miss the goblin. You hit the hobgoblin.
Robin throws the goblin at you! The goblin hits you with a +0 club. x2
The hobgoblin closely misses you. Terence hits you with a +0 mace.
You hit Terence but do no damage.
Terence is moderately wounded.
You barely miss the hobgoblin. You barely miss the goblin. You hit the goblin.
You kill the goblin!
Trog accepts your kill. The goblin hits you with a +0 club.
The hobgoblin hits you but does no damage.
Terence hits you with a +0 mace.
* * * LOW HITPOINT WARNING * * *
You barely miss Terence. Your headbutt misses Terence.
Terence is moderately wounded.
You hit the hobgoblin. You closely miss the goblin.
You barely miss the hobgoblin. The hobgoblin hits you.
* * * LOW HITPOINT WARNING * * *
The goblin hits you with a +0 club.
* * * LOW HITPOINT WARNING * * *
The hobgoblin hits you.
* * * LOW HITPOINT WARNING * * *
Terence barely misses you. You furiously retaliate!
You headbutt Terence, but do no damage. The hobgoblin hits you.
You die...

#................
##................
..................
####...............
..##.........##+##
...#......#####.##
#J.#.###### #...
##@##.# ###.
.####g@#..# #.
....g.gg).## #.
....#............
#. ...
#.....####..# ## .
#..##.. #.. ...#
##. ##.# .. .# # .#


You could see Terence, Robin, an endoplasm, 2 hobgoblins and a goblin (strong).

Vanquished Creatures
  A hound (D:2)
  An endoplasm (D:2)
  3 giant cockroaches
  5 hobgoblins
  7 jackals
  2 quokkas
  2 ball pythons
  7 bats (D:1)
  A frilled lizard (D:1)
  11 goblins
  4 kobolds
  2 rats (D:2)
46 creatures vanquished.

Notes
Turn   | Place    | Note
-------+----------+-------------------------------------------
     0 | D:1      | laceratedsky the Minotaur Berserker began the quest for the
                  | Orb.
     0 | D:1      | Reached XP level 1. HP: 19/19 MP: 0/0
   104 | D:1      | Found Sumiwnust's Book Emporium.
   138 | D:1      | Found a faded altar of an unknown god.
   658 | D:1      | Reached XP level 2. HP: 27/27 MP: 1/1
  1654 | D:2      | Reached XP level 3. HP: 29/33 MP: 2/2
  1692 | D:2      | Reached ** piety under Trog
  1914 | D:2      | Noticed Robin
  1916 | D:2      | Noticed Terence
  1920 | D:2      | Reached XP level 4. HP: 36/41 MP: 3/3
  1926 | D:2      | HP: 2/41 [hobgoblin[Robin] (2)]
  1926 | D:2      | Slain by a hobgoblin

Illustrated notes

Levels and vault maps discovered:
D:1:      sevenhm_arrival_forest_fort_small_6, layout_basic, serial_shops,
          nicolae_shop_statue_plus, shapermc_ecumenical_altar_mp_highgroup
D:2:      layout_basic, minmay_close_crescents, uniq_sigmund, uniq_robin,
          uniq_terence

Skill      XL: |  1  2  3 |
---------------+----------+-----
Fighting       | 4 |  4.5
Axes           | 4 |  4.6
Armour         | 3 |  3.0
Dodging        | |  2.7
Stealth        | |  0.3

Action                   |  1- 3 |  4- 6 || total
-------------------------+-------+-------++-------
Melee: Hand axe          |    78 |     7 ||    85
       Headbutt          |    15 |     2 ||    17
       Punch             |     1 |       ||     1
Armor: Animal skin       |    14 |       ||    14
       Ring mail         |     6 |       ||     6
       Chain mail        |    16 |     6 ||    22
Dodge: Dodged            |    57 |     6 ||    63
